 Dungeon Crawl Stone Soup version 0.21-a0-591-g2314aa1 (webtiles) character file.

127 Amnesiac the Digger (level 4, 0/36 HPs)
             Began as a Deep Elf Earth Elementalist on Dec 22, 2017.
             Was an Initiate of Ashenzari.
             Slain by Sigmund
             ... wielding a +0 scythe
              (4 damage)
             ... on level 2 of the Dungeon.
             The game lasted 00:02:16 (1641 turns).

Amnesiac the Digger (Deep Elf Earth Elementalist)   Turns: 1641, Time: 00:02:17

Health: 0/36       AC: 22    Str:  4 (5)  XL:     4   Next: 85%
Magic:  8/12       EV:  2    Int: 19 (21) God:    Ashenzari [......]
Gold:   28         SH:  0    Dex: 12 (15) Spells: 5/12 levels left

rFire    . . .     SeeInvis .   l - +0 whip (venom)
rCold    . . .     Gourm    .   (no shield)
rNeg     + + +     Faith    .   (armour currently unavailable)
rPois    +         Spirit   .   (helmet currently unavailable)
rElec    .         Reflect  .   (cloak currently unavailable)
rCorr    .         Harm     .   (gloves currently unavailable)
MR       .....     NoTele   +   (boots currently unavailable)
Stlth    +.........             (no amulet)
HPRegen  0.12/turn              (no ring)
MPRegen  0.13/turn              (no ring)

@: confused, tree-form, very slightly contaminated
A: no striking features
a: Curse Item, Renounce Religion


You were on level 2 of the Dungeon.
You worshipped Ashenzari.
Ashenzari was noncommittal.
You were not hungry.
You were a tree.
You visited 1 branch of the dungeon, and saw 2 of its levels.

You collected 28 gold pieces.

Inventory:

Hand Weapons
 l - a +0 whip of venom (weapon)
Missiles
 b - 51 stones (quivered)
 f - 5 needles of sleeping
 j - 8 poisoned needles
Armour
 c - a +0 robe (melded)
Scrolls
 a - a scroll of enchant weapon {!r, unknown}
 i - a scroll of random uselessness {!r, unknown}
 k - 2 scrolls of teleportation {!r, unknown}
 m - a scroll of remove curse {!r}
 o - a scroll of amnesia {!r, unknown}
 p - a scroll of magic mapping {!r, unknown}
 q - a scroll of enchant armour {!r, unknown}
Books
 e - a book of Geomancy

   Spells                             Type                      Level
   a - Sandblast                      Earth                        1
   b - Passwall                       Transmutation/Earth          2
   c - Stone Arrow                    Conjuration/Earth            3
   d - Petrify                        Transmutation/Earth          4
   e - Lee's Rapid Deconstruction     Earth                        5
Comestibles
 d - 5 rations
 g - 2 chunks of flesh


   Skills:
 - Level 2.4 Dodging
 - Level 2.4 Stealth
 + Level 4.5 Spellcasting
 - Level 1.1 Transmutations
 * Level 5.4 Earth Magic


You had 5 spell levels left.
You knew the following spells:

 Your Spells              Type           Power        Failure   Level  Hunger
a - Sandblast             Erth           ####..       1%          1    None
b - Passwall              Tmut/Erth      ###.......   4%          2    #......
e - Petrify               Tmut/Erth      ###.....     32%         4    ####...


Dungeon Overview and Level Annotations

Branches:
Dungeon (2/15)

Altars:
Ashenzari

Annotations:
D:2 Sigmund


Message History

Sigmund shouts!
Sigmund screams, "Don't try to resist!"
Magic restored.
Casting: Sandblast
Confirm with . or Enter, or press ? or * to list all spells.
You can't see any susceptible monsters within range! (Use Z to cast anyway.)
Casting: Sandblast
Confirm with . or Enter, or press ? or * to list all spells.
You can't see any susceptible monsters within range! (Use Z to cast anyway.)
You start resting.
Magic restored.
Casting: Sandblast
Confirm with . or Enter, or press ? or * to list all spells.
Which direction?
You begin to meditate on the wall.
You continue meditating on the rock. x2
You finish merging with the rock.
Casting: Passwall
Confirm with . or Enter, or press ? or * to list all spells.
Aiming: Sandblast
Press: ? - help, Shift-Dir - straight line, f - Sigmund
Aim: Sigmund, wielding a scythe and wearing a robe You miscast Sandblast.
You are very lightly contaminated with residual magic.
You feel earthy. Sigmund hits you with a scythe!
Casting: Sandblast
Confirm with . or Enter, or press ? or * to list all spells.
Aiming: Sandblast
Press: ? - help, Shift-Dir - straight line, f/p - Sigmund
Aim: Sigmund, wielding a scythe and wearing a robe The blast of sand hits Sigmund.
Sigmund is moderately wounded.
b - 52 stones
Casting: Sandblast
Confirm with . or Enter, or press ? or * to list all spells.
Aiming: Sandblast
Press: ? - help, Shift-Dir - straight line, f/p - Sigmund
Aim: Sigmund, wielding a scythe and wearing a robe (moderately wounded)
The blast of sand hits Sigmund.
Sigmund is severely wounded.
b - 51 stones Sigmund casts a spell at you.
You are confused.
You're too confused to cast spells.
You miss Sigmund.
Sigmund is severely wounded.
Sigmund hits you with a scythe.
* * * LOW HITPOINT WARNING * * *
Really quaff
h - a fizzy brown potion {!q}?
It was a potion of degeneration {!q}.
There was something very wrong with that liquid.
You feel weakened.
You feel dopey.
You feel clumsy. Sigmund hits you with a scythe!
* * * LOW HITPOINT WARNING * * *
Really quaff
n - a bubbling brown potion {!q}?
It was a potion of lignification {!q}.
You turn into a tree.
Your roots penetrate the ground.
Unknown command.
You're too confused to cast spells.
Unknown command.
You cannot move. (Use ctrl+direction to attack without moving.) Unknown command.
You cannot move. (Use ctrl+direction to attack without moving.)
You swing at nothing.
Sigmund hits you with a scythe.
You die...

#......#.....#.....#.#
#......##...##.....#.#
######.......#...#...)..#.#
.............##.##.........
.#########....#.#....###.##
.#### #..###.#####.###...#
....###....###...###....
.##...<....).'._@#......
.##..##....###..♣###...
.....##..###.#####.###
.##.### #....#.#....####
.##.# .....##.##......###
....# ..g.. ...#.........
.#### ....# ...##......#
.... ....K#......# ...
#......# ########


You could see Sigmund.

Vanquished Creatures
  A jelly (D:2)
  An adder (D:2)
  3 gnolls (D:2)
  2 oozes
  3 dart slugs
  3 worms (D:2)
  A ball python (D:1)
  5 goblins
  5 hobgoblins
  2 jackals (D:1)
  A quokka (D:2)
  5 bats
  2 frilled lizards
  7 kobolds
  3 rats
44 creatures vanquished.

Notes
Turn   | Place    | Note
-------+----------+-------------------------------------------
     0 | D:1      | Amnesiac the Deep Elf Earth Elementalist began the quest for the Orb.
     0 | D:1      | Reached XP level 1. HP: 10/10 MP: 6/6
    80 | D:1      | Reached XP level 2. HP: 15/15 MP: 6/8
   171 | D:1      | Reached skill level 4 in Earth Magic
   213 | D:1      | Learned a level 2 spell: Passwall
   847 | D:1      | Reached XP level 3. HP: 19/19 MP: 8/10
  1100 | D:2      | Reached XP level 4. HP: 24/24 MP: 10/12
  1106 | D:2      | Learned a level 4 spell: Petrify
  1308 | D:2      | Reached skill level 5 in Earth Magic
  1353 | D:2      | Noticed Sigmund
  1558 | D:2      | Found a shattered altar of Ashenzari.
  1568 | D:2      | Became a worshipper of Ashenzari the Shackled
  1641 | D:2      | Slain by Sigmund

Vault maps used:
D:1:      scummos_arrival_simple_fountains, serial_bayou_pond_d,
          roderic_serpentine_path
D:2:      nicolae_ashenzari_panopticon, kennysheep_generic_room_9, uniq_sigmund

Skill      XL: |  1  2  3  4 |
---------------+-------------+-----
Earth Magic    | 4 5 |  5.4
Spellcasting   | 4 |  4.5
Dodging        | |  2.4
Stealth        | |  2.4
Transmutations | |  1.1

Action                   |  1- 3 |  4- 6 || total
-------------------------+-------+-------++-------
Melee: Unarmed           |     3 |       ||     3
       Whip              |       |     4 ||     4
 Cast: Sandblast         |    45 |    21 ||    66
       Passwall          |       |     3 ||     3
  Use: Potion            |       |     2 ||     2
  Eat: Chunk             |       |     2 ||     2
Armor: Robe              |     3 |     3 ||     6
Dodge: Dodged            |    18 |     3 ||    21

Table legend:
 A = Spawn XP
 B = Non-spawn XP
 C = Spawn XP percentage of total XP
 D = Spawn monster count
 E = Non-spawn monster count
 F = Spawn count percentage of total count
 G = Total turns spent on level
                    A         B        C        D         E        F      G
               +---------+---------+-------+---------+---------+-------+---------
         Total |       0 |     182 |   0.0 |       0 |      44 |   0.0 |  1641
               +---------+---------+-------+---------+---------+-------+---------
           D:1 |       0 |      42 |   0.0 |       0 |      23 |   0.0 |   940
           D:2 |       0 |     140 |   0.0 |       0 |      21 |   0.0 |   701
               +---------+---------+-------+---------+---------+-------+---------
